AoeStats
← LamaStar1101

Arena

508859590Analyzed
1v1 RM · 7d ago on Sep 24, 2026· 14m 54s· 2 players
Game mode
Random Map
Map size
Tiny (2 player)
Population
200
Speed
Normal
Resources
Standard
Victory
Conquest
Starting age
Dark Age
Ending age
Imperial Age
RankedLock teamsTeams togetherTeam positionsShared explorationLock speedFull tech treeHidden civsTurbo modeCheats
Victory
Defeat
🇫🇷 Franks · France
358
+14
🇩🇪 Franks · Germany
322
-14
LamaStar1101
9:45 Feudal Age
11:16 Wheelbarrow
10:44 Double-Bit Axe
13:21 Gold Mining
R-mat
10:15 Feudal Age
10:44 Double-Bit Axe
12:08 Wheelbarrow
14:06 Loom
14:22 Arson
14:37 Gold Mining
Connection lost

Rejoining the realm…

Still unreachable

The connection could not be restored.

Session expired

The server has moved on; the page needs a fresh start.